 Dungeon Crawl Stone Soup version 0.24.0-13-gcf9b319 (webtiles) character file.

Game seed: 14570849633335545812, levelgen mode: deterministic

8698 Bronimir the Destroyer (level 11, -3/57 HPs)
             Began as a Deep Elf Conjurer on Mar 21, 2020.
             Was a Believer of Vehumet.
             Slain by a five-headed hydra (10 damage)
             ... on level 1 of the Lair of Beasts.
             The game lasted 00:44:17 (14422 turns).

Bronimir the Destroyer (Deep Elf Conjurer)         Turns: 14422, Time: 00:44:18

Health: -3/57      AC:  9    Str:  5    XL:     11   Next: 13%
Magic:  12/27      EV: 18    Int: 29    God:    Vehumet [**....]
Gold:   680        SH:  0    Dex: 15    Spells: 1/30 levels left

rFire    . . .     SeeInvis +   a - +2 falchion (flame)
rCold    . . .     Gourm    .   (no shield)
rNeg     + . .     Faith    +   m - +3 leather armour {rF+}
rPois    .         Spirit   .   (no helmet)
rElec    .         Reflect  .   (no cloak)
rCorr    .         Harm     .   Q - +0 pair of gloves (curse)
MR       +....                  R - +1 pair of boots
Stlth    ++........             s - amulet of Noxkom {Faith rF- Int+5 SInv}
HPRegen  0.19/turn              V - ring of positive energy
MPRegen  0.20/turn              w - +3 ring of evasion

@: no status effects
A: no striking features
a: Renounce Religion


You were on level 1 of the Lair of Beasts.
You worshipped Vehumet.
Vehumet was pleased with you.
You were not hungry.

You visited 3 branches of the dungeon, and saw 13 of its levels.

You collected 680 gold pieces.

Inventory:

Hand Weapons
 a - a +2 falchion of flaming (weapon)
 b - a +0 hunting sling of flaming
 f - a +0 quarterstaff
 X - a +1 great sword of freezing
Missiles
 h - 123 arrows
 p - 41 poisoned darts
 q - 26 sling bullets
 M - 251 stones (quivered)
Armour
 m - a +3 leather armour of fire resistance (worn)
 Q - a cursed +0 pair of gloves (worn)
 R - a +1 pair of boots (worn)
Magical Staves
 E - an uncursed staff of poison
Jewellery
 j - a +3 ring of dexterity
 s - the amulet of Noxkom (around neck) {Faith rF- Int+5 SInv}
   (You found it on level 10 of the Dungeon)

   [amulet of faith]

   It allows you to gain divine favour quickly.
   It affects your intelligence (+5).
   It makes you vulnerable to fire.
   It lets you see invisible.
 t - an uncursed amulet of regeneration
 w - a +3 ring of evasion (right hand)
 y - a cursed ring of teleportation {unknown}
 C - a cursed -3 ring of protection {unknown}
 H - an uncursed ring of resist corrosion
 K - an uncursed amulet of faith {unknown}
 P - an uncursed ring of fire
 T - an uncursed ring of flight
 V - a ring of positive energy (left hand)
Wands
 k - a wand of paralysis (16)
 v - a wand of digging (5)
 G - a wand of flame (12)
 I - a wand of iceblast (6)
 S - a wand of random effects (26)
 W - a wand of polymorph (6)
Scrolls
 d - 2 scrolls of identify
 n - 5 scrolls of teleportation
 J - a scroll of amnesia
 O - 3 scrolls of remove curse
 U - a scroll of enchant armour {unknown}
Potions
 e - 4 potions of brilliance
 g - a potion of might {unknown}
 i - 3 potions of curing
 l - 2 potions of berserk rage {unknown}
 o - 2 potions of mutation {unknown}
 r - a potion of agility {unknown}
 u - a potion of lignification {unknown}
 x - a potion of resistance {unknown}
 z - 5 potions of heal wounds
 A - 4 potions of degeneration {unknown}
 B - a potion of experience {unknown}
 F - 4 potions of haste
 N - 3 potions of flight {unknown}
Comestibles
 c - 18 rations
 D - 2 chunks of flesh


   Skills:
 + Level 2.2 Fighting
   Level 2.0(3.5) Short Blades
 + Level 4.1(4.3) Long Blades
 + Level 3.4 Armour
 * Level 7.3 Dodging
 - Level 2.4 Stealth
 + Level 10.3 Spellcasting
 * Level 12.4 Conjurations
 + Level 3.0 Hexes
 * Level 2.2 Summonings
 * Level 5.1 Evocations


You had one spell level left.
You knew the following spells:

 Your Spells              Type           Power        Failure   Level  Hunger
a - Magic Dart            Conj           ####         1%          1    None
b - Searing Ray           Conj           ######       1%          2    None
c - Dazzling Spray        Conj/Hex       ######       1%          3    None
d - Iskenderun's Mystic   Conj           ######..     1%          4    None
e - Force Lance           Conj/Tloc      ######..     4%          4    None
f - Fulminant Prism       Conj/Hex       ######....   2%          4    None
g - Sting                 Conj/Pois      ####         1%          1    None
h - Call Canine Familiar  Summ           ####....     7%          3    None
i - Summon Guardian Gole  Hex/Summ       ####....     6%          3    None
j - Summon Lightning Spi  Summ/Air       ###.....     34%         4    None

Your spell library contained the following spells:

 Spells                   Type           Power        Failure   Level  Hunger
 Flame Tongue             Conj/Fire      #####        1%          1    None
 Summon Small Mammal      Summ           ####         2%          1    None
 Call Imp                 Summ           ####....     3%          2    None
 Irradiate                Conj/Tmut      ######....   12%         5    ###....
 Summon Ice Beast         Ice/Summ       ###.....     34%         4    None
 Hydra Form               Tmut           ##........   100%        6    #####..
 Statue Form              Tmut/Erth      ##.......    100%        6    #####..
 Dragon Form              Tmut           ##........   100%        7    ######.


Dungeon Overview and Level Annotations

Branches:
Dungeon (11/15)            Temple (1/1) D:7            Lair (1/6) D:10
    Orc: D:9-12

Altars:
Ashenzari
Cheibriados
Dithmenos
Elyvilon
Fedhas
Gozag
Hepliaklqana
Kikubaaqudgha
Makhleb
Nemelex Xobeh
Okawaru
Qazlal
Ru
Sif Muna
Trog
Uskayaw
Vehumet
Wu Jian
Xom
Yredelemnul
Zin
The Shining One

Annotations:
D:3 1 runed translucent door
D:9 2 transporters


Message History

The five-headed hydra is heavily wounded.
The five-headed hydra barely misses you.
The five-headed hydra closely misses you.
The five-headed hydra bites you!
The five-headed hydra bites you but does no damage.
The five-headed hydra bites you!
* * * LOW HITPOINT WARNING * * *
As you read the scroll of fear, it crumbles to dust.
You assume a fearsome visage.
The five-headed hydra resists with some effort.
The five-headed hydra closely misses you.
You riposte.
You barely miss the five-headed hydra.
The five-headed hydra is heavily wounded.
The five-headed hydra bites you.
* * * LOW HITPOINT WARNING * * *
The five-headed hydra completely misses you.
The five-headed hydra bites you.
* * * LOW HITPOINT WARNING * * *
The five-headed hydra bites you!
You die...

##...# #....#
#... #.^.#
##...# #...
##...# ##..#
##... #..>.#
...# #....
##...# #.$.
##... #.###
##... #...#
#...# #...#
###.. #?D@#
#... #..>.#
#... #.......#
#... ##.......#
#...
......#...#
##...
.P.#..###...##.
#.... ......#
#...#.. ##...
.....# #.....#
#... ....###
#[.#


You could see a five-headed hydra.

Vanquished Creatures
  Pikel (D:4)
  2 spiny frogs (Lair:1)
  A komodo dragon (D:10)
  2 trolls (D:10)
  A meliai zombie (D:9)
  Sigmund (D:4)
  4 yaks (Lair:1)
  Eustachio (D:6)
  A wraith (D:8)
  Menkaure (D:5)
  A water moccasin (Lair:1)
  A sky beast (D:10)
  Duvessa (D:4)
  2 porcupines (Lair:1)
  A black bear (D:8)
  5 orc warriors
  2 slaves
  2 ice beasts
  3 phantoms
  A necrophage (D:10)
  5 wolves (D:10)
  4 ogres
  2 crocodiles (Lair:1)
  A big kobold (D:8)
  7 bullfrogs
  Blork the orc (D:4)
  Dowan (D:4)
  3 scorpions
  8 wights (D:10)
  3 electric eels (D:10)
  5 jellies
  A bullfrog zombie (D:10)
  2 centaur zombies (D:10)
  5 crimson imps
  A quasit (D:7)
  7 hounds
  A bullfrog skeleton (D:5)
  7 orc priests
  10 orc wizards
  Jessica (D:3)
  Natasha (thrice) (D:4)
  5 worker ants
  A hound skeleton (D:2)
  A howler monkey zombie (D:7)
  8 adders
  4 gnolls (D:7)
  6 shadow imps
  2 oozes
  An adder skeleton (D:8)
  5 worms
  2 leopard geckos
  45 orcs
  A ball python (D:4)
  8 giant cockroaches
  5 goblins
  5 hobgoblins
  8 jackals
  6 kobolds
  2 quokkas
  2 bats
  7 frilled lizards
  A quokka skeleton (D:7)
  6 rats
  A plant (D:10)
244 creatures vanquished.

Vanquished Creatures (others)
  5 fulminant prisms
  13 plants (D:10)
18 creatures vanquished.

Grand Total: 262 creatures vanquished

Notes
Turn   | Place    | Note
-------+----------+-------------------------------------------
     0 | D:1      | Bronimir the Deep Elf Conjurer began the quest for the Orb.
     0 | D:1      | Reached XP level 1. HP: 10/10 MP: 6/6
   306 | D:1      | Reached XP level 2. HP: 15/15 MP: 2/8
   313 | D:1      | Learned a level 2 spell: Searing Ray
   409 | D:1      | Reached skill level 5 in Conjurations
  1579 | D:2      | Reached XP level 3. HP: 19/19 MP: 3/9
  1580 | D:2      | Found a faded altar of an unknown god.
  1698 | D:2      | Learned a level 3 spell: Dazzling Spray
  1738 | D:2      | Found a burning altar of Makhleb.
  2323 | D:2      | Reached XP level 4. HP: 24/24 MP: 7/10
  2376 | D:2      | Found a hazy altar of Hepliaklqana.
  2675 | D:3      | Reached skill level 6 in Conjurations
  3061 | D:3      | Learned a level 4 spell: Iskenderun's Mystic Blast
  3062 | D:3      | Found a white marble altar of Elyvilon.
  3063 | D:3      | Found a runed translucent door.
  3063 | D:3      | Noticed an angel
  3169 | D:3      | Noticed Jessica
  3175 | D:3      | Killed Jessica
  3175 | D:3      | Reached XP level 5. HP: 20/28 MP: 8/12
  3493 | D:4      | Noticed an ogre
  3499 | D:4      | Killed an ogre
  3798 | D:4      | Noticed Sigmund
  3813 | D:4      | Killed Sigmund
  3813 | D:4      | Reached skill level 1 in Short Blades
  3813 | D:4      | Reached skill level 7 in Conjurations
  3813 | D:4      | Reached XP level 6. HP: 13/33 MP: 8/15
  4005 | D:4      | Noticed Duvessa
  4027 | D:4      | Killed Duvessa
  4027 | D:4      | Reached skill level 5 in Spellcasting
  4085 | D:4      | Noticed Natasha
  4103 | D:4      | Reached XP level 7. HP: 31/37 MP: 11/16
  4168 | D:4      | Killed Natasha
  4219 | D:4      | Learned a level 4 spell: Force Lance
  4327 | D:4      | Noticed Dowan
  4336 | D:4      | Killed Dowan
  4438 | D:5      | Entered Level 5 of the Dungeon
  4625 | D:4      | Noticed Pikel
  4636 | D:4      | Killed Pikel
  4636 | D:4      | Reached skill level 1 in Fighting
  4636 | D:4      | Reached skill level 5 in Dodging
  4636 | D:4      | Reached skill level 8 in Conjurations
  4636 | D:4      | Reached XP level 8. HP: 24/43 MP: 3/19
  4910 | D:4      | Noticed Natasha
  4915 | D:4      | Killed Natasha
  5018 | D:4      | Noticed Blork the orc
  5026 | D:4      | Killed Blork the orc
  5026 | D:4      | Reached skill level 9 in Conjurations
  5146 | D:4      | Noticed Natasha
  5152 | D:4      | Killed Natasha
  5152 | D:4      | Reached skill level 1 in Hexes
  5586 | D:5      | Learned a level 4 spell: Fulminant Prism
  5841 | D:5      | Noticed Menkaure
  5848 | D:5      | Killed Menkaure
  5941 | D:5      | Found a stormy altar of Qazlal.
  6040 | D:5      | Found an opulent altar of Gozag.
  6040 | D:5      | Found a hide-covered altar of Uskayaw.
  6216 | D:5      | Found a bloodstained altar of Trog.
  6766 | D:6      | Noticed Eustachio
  6856 | D:6      | Killed Eustachio
  6856 | D:6      | Reached skill level 10 in Conjurations
  6990 | D:6      | Found a sacrificial altar of Ru.
  7882 | D:6      | Reached XP level 9. HP: 45/47 MP: 18/23
  7999 | D:7      | You fall into a shaft and drop 3 floors!
  7999 | D:10     | Entered Level 10 of the Dungeon
  8044 | D:9      | Reached skill level 1 in Evocations
  8273 | D:9      | Reached skill level 1 in Armour
  8326 | D:9      | Found the +5 demon whip "Spellbinder" {antimagic, MR+}
  8348 | D:9      | Noticed a two-headed ogre
  8350 | D:9      | Noticed a two-headed ogre
  8351 | D:9      | Noticed a troll
  8357 | D:9      | Noticed a two-headed ogre
  8359 | D:9      | Reached skill level 1 in Long Blades
  8395 | D:9      | Noticed a skeletal warrior
  8429 | D:9      | Noticed a komodo dragon
  9573 | D:7      | Found an ancient bone altar of Kikubaaqudgha.
  9696 | D:7      | Found a staircase to the Ecumenical Temple.
 10725 | Temple   | Entered the Ecumenical Temple
 10792 | Temple   | Became a worshipper of Vehumet
 10879 | D:8      | Reached skill level 11 in Conjurations
 11160 | D:8      | Reached XP level 10. HP: 38/53 MP: 12/25
 11664 | D:9      | Found a transporter.
 12061 | D:9      | Found a transporter.
 12073 | D:9      | Noticed a water nymph
 12078 | D:9      | Noticed a moth of wrath
 12078 | D:9      | a water nymph changed into a moth of wrath
 12550 | D:10     | Reached * piety under Vehumet
 12550 | D:10     | Offered knowledge of Sting by Vehumet.
 12801 | D:10     | Reached skill level 5 in Evocations
 12915 | D:10     | Learned a level 1 spell: Sting
 13068 | D:10     | Reached skill level 12 in Conjurations
 13139 | D:10     | Found a staircase to the Lair.
 13335 | D:10     | Got a bound emerald amulet
 13336 | D:10     | Identified the amulet of Noxkom {Faith rF- Int+5 SInv} (You
                  | found it on level 10 of the Dungeon)
 13449 | D:10     | Learned a level 3 spell: Call Canine Familiar
 13453 | D:10     | Learned a level 3 spell: Summon Guardian Golem
 13601 | D:10     | Reached skill level 10 in Spellcasting
 13666 | D:10     | Reached skill level 1 in Summonings
 13892 | Lair:1   | Entered Level 1 of the Lair of Beasts
 14060 | Lair:1   | Reached ** piety under Vehumet
 14062 | Lair:1   | Offered knowledge of Flame Tongue by Vehumet.
 14066 | Lair:1   | Reached XP level 11. HP: 57/57 MP: 11/27
 14072 | Lair:1   | Learned a level 4 spell: Summon Lightning Spire
 14412 | Lair:1   | Noticed a five-headed hydra
 14422 | Lair:1   | Slain by a five-headed hydra

Levels and vault maps discovered:
D:1:      roderic_chinese_lattice_arrival, layout_basic
D:2:      layout_basic, lemuel_round_altar, lemuel_round_altar,
          chequers_ecumenical_altar_island
D:3:      layout_loops_ring, lemuel_angel_altar, uniq_jessica
D:4:      layout_layer_cave, first_ration, minmay_statues_item,
          uniq_blork_the_orc, uniq_sigmund, uniq_duvessa, uniq_pikel,
          uniq_natasha
D:5:      layout_loops_ring, nicolae_overflow_hidden_temple,
          gammafunk_temple_overflow_forgotten, uniq_menkaure
D:6:      layout_basic, nicolae_overflow_crystal_walls, uniq_eustachio
D:7:      layout_loops_ring, lemuel_doored_altar,
          minmay_temple_entry_from_below_a
D:8:      layout_basic
D:9:      gammafunk_the_bubble [the_bubble_gammafunk_plus_minus], layout_basic,
          hangedman_ranch [blue_anna_fruit_fields]
D:10:     layout_basic, erik_lair_island, serial_bayou, serial_bayou_pond_d,
          serial_bayou_shore_a, serial_bayou_lake_a, serial_bayou_lagoon_a,
          minmay_variable_closet
D:11:     layout_roguey, erik_orc_1, nicolae_trove_entry_free_sample,
          nicolae_gozag_seed_capital, uniq_psyche
Temple:   eino_temple_water
Lair:1:   layout_concentric_octagons, grunt_megastairs_3

Skill      XL: |  1  2  3  4  5  6  7  8  9 10 11 |
---------------+----------------------------------+-----
Conjurations   | 5 6 7 8 10 11 12 | 12.4
Dodging        | 3 4 5 6 7 |  7.3
Spellcasting   | 4 5 6 8 9 10 | 10.3
Short Blades   | 1 2 |  2.0
Fighting       | 1 2 |  2.2
Hexes          | 1 2 3 |  3.0
Evocations     | 3 5 |  5.1
Armour         | 2 3 |  3.4
Long Blades    | 1 3 4 |  4.1
Summonings     | 1 2 |  2.2
Stealth        | |  2.4

Action                   |  1- 3 |  4- 6 |  7- 9 | 10-12 || total
-------------------------+-------+-------+-------+-------++-------
Melee: Dagger            |     3 |    20 |     4 |       ||    27
       Falchion          |       |       |    58 |    47 ||   105
       Quarterstaff      |       |       |     2 |       ||     2
Throw: Stone             |       |     1 |       |       ||     1
 Cast: Magic Dart        |    68 |    34 |   315 |   136 ||   553
       Searing Ray       |     1 |     6 |    27 |    30 ||    64
       Dazzling Spray    |       |     3 |    26 |    20 ||    49
       Force Lance       |       |       |     1 |       ||     1
       Fulminant Prism   |       |       |     2 |     3 ||     5
       Iskenderun's Myst |       |       |     9 |     6 ||    15
       Call Canine Famil |       |       |       |     3 ||     3
  Use: Scroll            |     1 |     5 |     6 |     4 ||    16
 Stab: Sleeping          |       |     1 |     1 |       ||     2
       Invisible         |       |     1 |       |     1 ||     2
  Eat: Chunk             |     4 |     6 |    19 |    10 ||    39
       Ration            |       |       |     1 |       ||     1
Armor: Robe              |     5 |     4 |     2 |       ||    11
       Leather armour    |       |       |    25 |    43 ||    68
Dodge: Dodged            |    12 |    12 |   150 |   145 ||   319
       Rpst.: Falchion   |       |       |    24 |    43 ||    67
